[ PARTIDA AOE2 · #513833817 ]
UnrankedTupíes vs Romans
Equipo del jugador · DERR
Equipo rival · VICT
[ ANÁLISIS DE REPETICIÓN · EXTRAÍDO DE LA PARTIDA GRABADA ]
Feudal
14:53
Castillos
20:38
Imperial
—
| APM promedio | 41.6 |
| APM pico | 85 |
| eAPM promedio | 21.2 |
| Aldeanos / militares | 70 / 2 |
Foco
⚔️ 34.1% · 🌾 65.9%
Unknown (2550) ×20 · Mangonel ×2
Feudal
12:27
Castillos
17:05
Imperial
—
| APM promedio | 51.6 |
| APM pico | 102 |
| eAPM promedio | 25.8 |
| Aldeanos / militares | 51 / 36 |
Foco
⚔️ 34.6% · 🌾 65.4%
Scorpion ×32 · Battering Ram ×4
Mapa de la partida
Recursos iniciales + cada clic de construcción. Líneas = muros · curvas = relieve. ◆ oro · ⬟ piedra · ● bayas · ✦ reliquia · ◌ hueco del cierre
Tu base· Abierta — hueco de 2t
Base de meh· Abierta — flanco sin cerrar
Terreno inicial suavizado · ◌ = hueco del cierre detectado · pasá el cursor para detalles
Inputs por minuto
— Mameluke69 - - meh
Build order — Mameluke69
Primeras 150 de 155 acciones detectadas
| 0:01 | Encolar | Villager (Male) |
| 0:02 | Construir | House |
| 0:04 | Construir | House |
| 0:04 | Encolar | Villager (Male) |
| 0:05 | Encolar | Villager (Male) |
| 0:13 | Encolar | Villager (Male) |
| 0:54 | Encolar | Villager (Male) |
| 1:35 | Encolar | Villager (Male) |
| 2:14 | Encolar | Villager (Male) |
| 2:52 | Investigar | Loom |
| 2:53 | Encolar | Villager (Male) |
| 2:55 | Construir | Settlement |
| 2:59 | Encolar | Villager (Male) |
| 3:34 | Construir | House |
| 3:35 | Construir | Palisade Wall |
| 4:18 | Encolar | Villager (Male) |
| 4:32 | Encolar | Villager (Male) |
| 4:34 | Encolar | Villager (Male) |
| 5:23 | Encolar | Villager (Male) |
| 5:26 | Encolar | Villager (Male) |
| 6:25 | Encolar | Villager (Male) |
| 6:27 | Construir | Settlement |
| 6:29 | Encolar | Villager (Male) |
| 7:09 | Construir | Settlement |
| 7:38 | Encolar | Villager (Male) |
| 7:39 | Encolar | Villager (Male) |
| 7:59 | Construir | Barracks |
| 8:01 | Construir | Palisade Wall |
| 8:12 | Encolar | Villager (Male) |
| 8:34 | Encolar | Villager (Male) |
| 8:36 | Encolar | Villager (Male) |
| 9:13 | Construir | Farm |
| 9:13 | Encolar | Villager (Male) |
| 9:30 | Encolar | Unit 2550 |
| 9:30 | Encolar | Unit 2550 |
| 9:32 | Construir | House |
| 9:33 | Construir | Palisade Wall |
| 9:34 | Construir | Palisade Wall |
| 9:35 | Construir | Palisade Wall |
| 9:46 | Encolar | Unit 2550 |
| 9:49 | Encolar | Villager (Male) |
| 9:54 | Encolar | Villager (Male) |
| 9:57 | Construir | Farm |
| 10:07 | Encolar | Unit 2550 |
| 10:33 | Construir | House |
| 10:36 | Encolar | Villager (Male) |
| 10:45 | Encolar | Villager (Male) |
| 10:47 | Construir | Farm |
| 11:04 | Encolar | Villager (Male) |
| 11:08 | Encolar | Villager (Male) |
| 11:12 | Construir | Farm |
| 11:39 | Encolar | Unit 2550 |
| 11:39 | Encolar | Unit 2550 |
| 11:42 | Encolar | Villager (Male) |
| 11:49 | Encolar | Villager (Male) |
| 12:01 | Construir | Farm |
| 12:02 | Encolar | Villager (Male) |
| 12:21 | Encolar | Villager (Male) |
| 12:30 | Encolar | Villager (Male) |
| 12:32 | Encolar | Villager (Male) |
| 12:43 | Investigar | Feudal Age |
| 13:14 | Encolar | Villager (Male) |
| 13:25 | Encolar | Villager (Male) |
| 13:41 | Construir | Farm |
| 13:41 | Construir | Farm |
| 13:41 | Construir | Farm |
| 13:41 | Construir | Farm |
| 13:42 | Construir | Farm |
| 13:42 | Construir | Farm |
| 13:48 | Encolar | Unit 2550 |
| 13:48 | Encolar | Unit 2550 |
| 13:49 | Encolar | Villager (Male) |
| 14:03 | Encolar | Villager (Male) |
| 14:35 | Encolar | Villager (Male) |
| 14:43 | Encolar | Villager (Male) |
| 14:47 | Encolar | Villager (Male) |
| 14:53 | Edad | Edad Feudal |
| 14:58 | Investigar | Tech 1402 |
| 14:58 | Encolar | Villager (Male) |
| 15:03 | Encolar | Villager (Male) |
| 15:05 | Encolar | Villager (Male) |
| 15:08 | Construir | Blacksmith |
| 15:12 | Construir | Farm |
| 15:16 | Encolar | Villager (Male) |
| 15:18 | Construir | Farm |
| 15:18 | Construir | Farm |
| 15:18 | Construir | Farm |
| 15:18 | Construir | Farm |
| 15:18 | Construir | Farm |
| 15:19 | Construir | Farm |
| 15:20 | Encolar | Villager (Male) |
| 15:29 | Encolar | Villager (Male) |
| 15:31 | Encolar | Villager (Male) |
| 15:36 | Encolar | Villager (Male) |
| 15:39 | Investigar | Arson |
| 15:56 | Investigar | Scale Mail Armor |
| 15:56 | Encolar | Villager (Male) |
| 16:03 | Encolar | Unit 2550 |
| 16:03 | Encolar | Unit 2550 |
| 16:10 | Construir | Settlement |
| 16:14 | Encolar | Villager (Male) |
| 17:01 | Encolar | Villager (Male) |
| 17:04 | Encolar | Villager (Male) |
| 17:31 | Construir | Market |
| 17:58 | Investigar | Castle Age |
| 17:59 | Investigar | Castle Age |
| 18:03 | Encolar | Unit 2550 |
| 18:03 | Encolar | Unit 2550 |
| 18:16 | Construir | Archery Range |
| 18:22 | Encolar | Villager (Male) |
| 18:26 | Construir | Archery Range |
| 18:28 | Construir | House |
| 18:36 | Encolar | Unit 2550 |
| 18:49 | Investigar | Double-Bit Axe |
| 19:03 | Encolar | Villager (Male) |
| 19:11 | Encolar | Villager (Male) |
| 19:18 | Construir | Barracks |
| 19:38 | Construir | Watch Tower |
| 19:39 | Encolar | Villager (Male) |
| 19:48 | Encolar | Unit 2550 |
| 19:48 | Encolar | Unit 2550 |
| 19:52 | Encolar | Villager (Male) |
| 20:15 | Encolar | Villager (Male) |
| 20:28 | Encolar | Unit 2550 |
| 20:28 | Encolar | Unit 2550 |
| 20:38 | Edad | Edad de los Castillos |
| 20:41 | Encolar | Villager (Male) |
| 20:47 | Encolar | Villager (Male) |
| 20:49 | Encolar | Villager (Male) |
| 20:54 | Investigar | Tech 1351 |
| 20:58 | Construir | Town Center |
| 21:01 | Encolar | Villager (Male) |
| 21:13 | Investigar | Squires |
| 21:16 | Encolar | Villager (Male) |
| 21:18 | Construir | Farm |
| 21:18 | Construir | Farm |
| 21:18 | Construir | Farm |
| 21:18 | Construir | Farm |
| 21:19 | Construir | Farm |
| 21:19 | Construir | Farm |
| 21:19 | Construir | Farm |
| 21:21 | Encolar | Villager (Male) |
| 21:30 | Encolar | Villager (Male) |
| 22:03 | Construir | Siege Workshop |
| 22:04 | Encolar | Villager (Male) |
| 22:14 | Encolar | Unit 2550 |
| 22:31 | Encolar | Mangonel |
| 22:32 | Encolar | Mangonel |
| 22:40 | Encolar | Unit 2550 |
| 22:54 | Encolar | Villager (Male) |
Build order — meh
Primeras 150 de 169 acciones detectadas
| 0:00 | Encolar | Villager (Male) |
| 0:01 | Encolar | Villager (Male) |
| 0:02 | Construir | House |
| 0:17 | Encolar | Villager (Male) |
| 0:17 | Encolar | Villager (Male) |
| 0:17 | Encolar | Villager (Male) |
| 1:37 | Encolar | Villager (Male) |
| 1:37 | Encolar | Villager (Male) |
| 2:02 | Encolar | Villager (Male) |
| 2:02 | Encolar | Villager (Male) |
| 2:06 | Investigar | Loom |
| 2:40 | Encolar | Villager (Male) |
| 2:41 | Encolar | Villager (Male) |
| 2:43 | Construir | Lumber Camp |
| 2:58 | Construir | House |
| 3:25 | Encolar | Villager (Male) |
| 3:46 | Encolar | Villager (Male) |
| 4:04 | Encolar | Villager (Male) |
| 4:14 | Encolar | Villager (Male) |
| 4:42 | Construir | House |
| 4:43 | Construir | House |
| 5:22 | Encolar | Villager (Male) |
| 6:04 | Construir | House |
| 6:07 | Encolar | Villager (Male) |
| 6:07 | Encolar | Villager (Male) |
| 6:38 | Encolar | Villager (Male) |
| 7:04 | Construir | Mill |
| 7:18 | Encolar | Villager (Male) |
| 7:38 | Construir | Palisade Wall |
| 7:39 | Construir | Palisade Wall |
| 7:39 | Construir | Palisade Wall |
| 7:40 | Construir | Palisade Wall |
| 7:40 | Construir | Palisade Wall |
| 7:40 | Construir | Palisade Wall |
| 7:40 | Construir | Palisade Wall |
| 7:40 | Construir | Palisade Wall |
| 7:41 | Construir | Palisade Wall |
| 7:41 | Construir | Palisade Wall |
| 7:42 | Construir | Palisade Wall |
| 7:42 | Construir | Palisade Wall |
| 7:42 | Construir | Palisade Wall |
| 7:42 | Construir | Palisade Wall |
| 7:42 | Construir | Palisade Wall |
| 7:43 | Construir | Palisade Wall |
| 7:43 | Construir | Palisade Wall |
| 7:43 | Construir | Palisade Wall |
| 7:44 | Construir | Palisade Wall |
| 7:45 | Encolar | Villager (Male) |
| 7:46 | Encolar | Villager (Male) |
| 7:49 | Encolar | Villager (Male) |
| 7:54 | Encolar | Villager (Male) |
| 8:00 | Construir | Palisade Wall |
| 8:02 | Construir | Palisade Wall |
| 8:03 | Construir | Palisade Wall |
| 8:08 | Construir | Palisade Wall |
| 8:31 | Construir | Palisade Wall |
| 8:55 | Encolar | Villager (Male) |
| 9:06 | Encolar | Villager (Male) |
| 9:25 | Construir | Farm |
| 9:28 | Encolar | Villager (Male) |
| 9:29 | Construir | Farm |
| 9:38 | Encolar | Villager (Male) |
| 9:53 | Construir | Farm |
| 10:06 | Investigar | Feudal Age |
| 10:15 | Construir | Farm |
| 11:00 | Construir | Farm |
| 11:01 | Construir | Farm |
| 11:11 | Construir | Farm |
| 11:37 | Construir | Palisade Wall |
| 11:39 | Construir | Palisade Wall |
| 11:56 | Construir | Palisade Wall |
| 11:57 | Construir | Palisade Wall |
| 11:58 | Construir | Palisade Wall |
| 12:01 | Encolar | Villager (Male) |
| 12:27 | Edad | Edad Feudal |
| 12:32 | Encolar | Villager (Male) |
| 12:48 | Construir | Palisade Wall |
| 12:51 | Construir | Palisade Wall |
| 12:52 | Construir | Palisade Wall |
| 12:58 | Construir | Market |
| 13:09 | Construir | Market |
| 13:23 | Encolar | Villager (Male) |
| 13:41 | Construir | Blacksmith |
| 13:45 | Construir | Mining Camp |
| 13:55 | Construir | Blacksmith |
| 14:03 | Construir | Blacksmith |
| 14:09 | Construir | Palisade Wall |
| 14:11 | Construir | Palisade Wall |
| 14:12 | Construir | Palisade Wall |
| 14:16 | Encolar | Villager (Male) |
| 14:25 | Investigar | Castle Age |
| 14:25 | Investigar | Castle Age |
| 14:35 | Construir | House |
| 14:36 | Construir | House |
| 14:41 | Construir | House |
| 14:58 | Construir | Palisade Wall |
| 14:59 | Construir | Palisade Wall |
| 15:23 | Construir | Palisade Wall |
| 15:24 | Construir | Palisade Wall |
| 15:25 | Construir | Palisade Wall |
| 15:47 | Encolar | Villager (Male) |
| 16:03 | Investigar | Double-Bit Axe |
| 16:40 | Construir | Palisade Wall |
| 17:05 | Edad | Edad de los Castillos |
| 17:07 | Construir | Siege Workshop |
| 17:09 | Encolar | Villager (Male) |
| 17:25 | Construir | Siege Workshop |
| 17:37 | Encolar | Villager (Male) |
| 17:44 | Encolar | Villager (Male) |
| 17:51 | Construir | Lumber Camp |
| 17:53 | Encolar | Scorpion |
| 17:57 | Encolar | Villager (Male) |
| 17:59 | Encolar | Villager (Male) |
| 18:18 | Encolar | Scorpion |
| 18:18 | Encolar | Scorpion |
| 18:31 | Encolar | Scorpion |
| 19:02 | Encolar | Scorpion |
| 19:02 | Encolar | Scorpion |
| 19:21 | Encolar | Villager (Male) |
| 19:26 | Encolar | Scorpion |
| 19:26 | Encolar | Scorpion |
| 19:33 | Encolar | Villager (Male) |
| 20:00 | Encolar | Scorpion |
| 20:00 | Encolar | Scorpion |
| 20:04 | Encolar | Villager (Male) |
| 20:22 | Encolar | Scorpion |
| 20:23 | Encolar | Scorpion |
| 20:23 | Encolar | Villager (Male) |
| 20:43 | Encolar | Battering Ram |
| 20:43 | Encolar | Battering Ram |
| 20:44 | Encolar | Villager (Male) |
| 20:47 | Construir | House |
| 20:49 | Construir | House |
| 20:52 | Construir | House |
| 21:06 | Encolar | Scorpion |
| 21:06 | Encolar | Scorpion |
| 21:22 | Encolar | Scorpion |
| 21:39 | Encolar | Scorpion |
| 21:39 | Encolar | Scorpion |
| 21:50 | Encolar | Villager (Male) |
| 21:54 | Construir | House |
| 21:55 | Construir | House |
| 21:55 | Construir | House |
| 21:59 | Construir | House |
| 22:09 | Encolar | Scorpion |
| 22:09 | Encolar | Scorpion |
| 22:12 | Encolar | Scorpion |
| 22:12 | Encolar | Scorpion |
| 22:17 | Encolar | Villager (Male) |
| 22:25 | Encolar | Scorpion |
Cronología de la partida
| 3:35 | Mameluke69 · wall_segment Palisade Wall x5 |
| 7:38 | meh · wall_segment Palisade Wall x2 |
| 7:39 | meh · wall_segment Palisade Wall x1 |
| 7:39 | meh · wall_segment Palisade Wall x1 |
| 7:40 | meh · wall_segment Palisade Wall x2 |
| 7:40 | meh · wall_segment Palisade Wall x1 |
| 7:40 | meh · wall_segment Palisade Wall x2 |
| 7:40 | meh · wall_segment Palisade Wall x2 |
| 7:40 | meh · wall_segment Palisade Wall x1 |
| 7:41 | meh · wall_segment Palisade Wall x1 |
| 7:41 | meh · wall_segment Palisade Wall x1 |
| 7:42 | meh · wall_segment Palisade Wall x1 |
| 7:42 | meh · wall_segment Palisade Wall x1 |
| 7:42 | meh · wall_segment Palisade Wall x1 |
| 7:42 | meh · wall_segment Palisade Wall x1 |
| 7:42 | meh · wall_segment Palisade Wall x1 |
| 7:43 | meh · wall_segment Palisade Wall x1 |
| 7:43 | meh · wall_segment Palisade Wall x1 |
| 7:43 | meh · wall_segment Palisade Wall x1 |
| 7:44 | meh · wall_segment Palisade Wall x1 |
| 7:59 | Mameluke69 · first_building Barracks |
| 8:00 | meh · wall_segment Palisade Wall x1 |
| 8:01 | Mameluke69 · wall_segment Palisade Wall x1 |
| 8:02 | meh · wall_segment Palisade Wall x1 |
| 8:03 | meh · wall_segment Palisade Wall x1 |
| 8:08 | meh · wall_segment Palisade Wall x1 |
| 8:31 | meh · wall_segment Palisade Wall x1 |
| 9:33 | Mameluke69 · wall_segment Palisade Wall x1 |
| 9:34 | Mameluke69 · wall_segment Palisade Wall x1 |
| 9:35 | Mameluke69 · wall_segment Palisade Wall x1 |
| 11:37 | meh · wall_segment Palisade Wall x1 |
| 11:39 | meh · wall_segment Palisade Wall x1 |
| 11:56 | meh · wall_segment Palisade Wall x1 |
| 11:57 | meh · wall_segment Palisade Wall x1 |
| 11:58 | meh · wall_segment Palisade Wall x1 |
| 12:27 | meh · age_up feudal |
| 12:48 | meh · wall_segment Palisade Wall x1 |
| 12:51 | meh · wall_segment Palisade Wall x1 |
| 12:52 | meh · wall_segment Palisade Wall x1 |
| 13:51 | meh · first_market_sell 100 stone |
| 14:09 | meh · wall_segment Palisade Wall x1 |
| 14:11 | meh · wall_segment Palisade Wall x1 |
| 14:12 | meh · wall_segment Palisade Wall x1 |
| 14:53 | Mameluke69 · age_up feudal |
| 14:58 | meh · wall_segment Palisade Wall x1 |
| 14:59 | meh · wall_segment Palisade Wall x1 |
| 15:23 | meh · wall_segment Palisade Wall x1 |
| 15:24 | meh · wall_segment Palisade Wall x1 |
| 15:25 | meh · wall_segment Palisade Wall x1 |
| 16:40 | meh · wall_segment Palisade Wall x1 |
| 17:05 | meh · age_up castle |
| 17:07 | meh · first_building Siege Workshop |
| 18:16 | Mameluke69 · first_building Archery Range |
| 20:38 | Mameluke69 · age_up castle |
| 22:03 | Mameluke69 · first_building Siege Workshop |
| 22:28 | Mameluke69 · first_market_sell 100 food |
| 22:45 | meh · wall_segment Palisade Wall x1 |
| 24:24 | Mameluke69 · first_market_buy 100 stone |
| 24:57 | Mameluke69 · resign |
[ ANÁLISIS IA · 1 CRÉDITO ]
¿Qué pasó realmente en esta partida?
Wolo.gg analiza cada decisión: build order, eco, micro, errores típicos por bracket. Análisis personalizado por WhatsApp o Discord en 30 segundos.
Guía civ
Tupíes
Perfil
Jugador #19463443